TOP OF THE 1ST |
Richardson City Thundercats batting - Pitching for Chicago Hawks : RHP Jeff Reynolds
|
Pitching: RHP Jeff Reynolds
|
|
Batting: RHB Charles Jordan
|
0-0: Ball 1-0: Ball 2-0: Swinging Strike 2-1: Ball 3-1: Base on Balls
|
Batting: RHB Joey Jones
|
0-0: Called Strike Charles Jordan steals 2nd base 0-1: Fly out, F9 (Line Drive, 9M)
|
Batting: LHB Andrés Ibarra
|
0-0: Foul Ball, location: 2F 0-1: Swinging Strike 0-2: Strikes out swinging
|
Batting: LHB Terrence Eler
|
0-0: Ball 1-0: Fly out, F2 (Popup, 25F)
|
Top of the 1st over - 0 run(s), 0 hit(s), 0 error(s), 1 left on base; Richardson City 0 - Chicago 0 |
BOTTOM OF THE 1ST |
Chicago Hawks batting - Pitching for Richardson City Thundercats : RHP Kenshin Koike
|
Pitching: RHP Kenshin Koike
|
|
Batting: LHB Motoshige Kitamura
|
0-0: Ball 1-0: Ball 2-0: Foul Ball, location: 2F 2-1: Ball 3-1: Fly out, F7 (Flyball, 7D)
|
Batting: LHB Paul Wilson
|
0-0: Called Strike 0-1: Fly out, F8 (Popup, 8LM)
|
Batting: LHB Mal Wadley
|
0-0: Swinging Strike 0-1: Ball 1-1: Foul Ball, location: 2F 1-2: Foul Ball, location: 2F 1-2: Foul Ball, location: 2F 1-2: Strikes out swinging
|
Bottom of the 1st over - 0 run(s), 0 hit(s), 0 error(s), 0 left on base; Richardson City 0 - Chicago 0 |
TOP OF THE 2ND |
Richardson City Thundercats batting - Pitching for Chicago Hawks : RHP Jeff Reynolds
|
Batting: RHB Robert O'Connor
|
0-0: Ball 1-0: Called Strike 1-1: SINGLE (Line Drive, 34D)
|
Batting: RHB Jonathan Cook
|
0-0: Called Strike 0-1: Grounds into double play, 4-6-3 (Groundball, 4)
|
Batting: RHB Fernando López
|
0-0: Called Strike 0-1: Foul Ball, location: 2F 0-2: Foul Ball, location: 2F 0-2: Foul Ball, location: 2F 0-2: Ball 1-2: Ball 2-2: Ball 3-2: SINGLE (Line Drive, 4MD)
|
Batting: RHB Kenshin Koike
|
0-0: Ball 1-0: Ball 2-0: Ball 3-0: Called Strike 3-1: Fielders Choice at 2nd, 6-4 (Groundball, 6)
|
Top of the 2nd over - 0 run(s), 2 hit(s), 0 error(s), 0 left on base; Richardson City 0 - Chicago 0 |
BOTTOM OF THE 2ND |
Chicago Hawks batting - Pitching for Richardson City Thundercats : RHP Kenshin Koike
|
Batting: RHB Bryan Manning
|
0-0: Ground out 4-3 (Groundball, 4)
|
Batting: LHB Bobby Moore
|
0-0: SINGLE (Groundball, 5D)
|
Batting: RHB Cliff Dixon
|
0-0: Ball 1-0: Ball 2-0: Ball 3-0: Called Strike 3-1: Called Strike 3-2: Strikes out swinging Bobby Moore steals 2nd base Batter strikes out.
|
Batting: RHB Mitch Jensen
|
0-0: Swinging Strike 0-1: Swinging Strike 0-2: Ball 1-2: Strikes out swinging
|
Bottom of the 2nd over - 0 run(s), 1 hit(s), 0 error(s), 1 left on base; Richardson City 0 - Chicago 0 |
TOP OF THE 3RD |
Richardson City Thundercats batting - Pitching for Chicago Hawks : RHP Jeff Reynolds
|
Batting: RHB Ray Porch
|
0-0: Foul Ball, location: 2F 0-1: Ball 1-1: Ball 2-1: Ball 3-1: Foul Ball, location: 2F 3-2: Strikes out swinging
|
Batting: RHB Charles Jordan
|
0-0: Called Strike 0-1: Swinging Strike 0-2: Strikes out looking
|
Batting: RHB Joey Jones
|
0-0: Ball 1-0: Ball 2-0: Called Strike 2-1: Ball 3-1: Foul Ball, location: 2F 3-2: Base on Balls
|
Batting: LHB Andrés Ibarra
|
0-0: Ball 1-0: Ball 2-0: Called Strike 2-1: Ball 3-1: Base on Balls Joey Jones to second
|
Batting: LHB Terrence Eler
|
0-0: Called Strike 0-1: Fly out, F7 (Flyball, 7LM)
|
Top of the 3rd over - 0 run(s), 0 hit(s), 0 error(s), 2 left on base; Richardson City 0 - Chicago 0 |
BOTTOM OF THE 3RD |
Chicago Hawks batting - Pitching for Richardson City Thundercats : RHP Kenshin Koike
|
Batting: RHB Ted Young
|
0-0: Called Strike 0-1: SINGLE (Line Drive, 6D)
|
Batting: RHB Jeff Reynolds
|
0-0: Called Strike 0-1: Bunted foul 0-2: Sac Bunt - play at first, batter OUT! 1-4 Ted Young to second
|
Batting: LHB Motoshige Kitamura
|
0-0: Called Strike 0-1: Foul Ball, location: 2F 0-2: SINGLE (Groundball, 34D) (infield hit) Ted Young to third
|
Batting: LHB Paul Wilson
|
0-0: Ball 1-0: Fly out, F8 (Flyball, 8LS)
|
Batting: LHB Mal Wadley
|
0-0: Ball 1-0: Fly out, F9 (Flyball, 9LDF)
|
Bottom of the 3rd over - 0 run(s), 2 hit(s), 0 error(s), 2 left on base; Richardson City 0 - Chicago 0 |
TOP OF THE 4TH |
Richardson City Thundercats batting - Pitching for Chicago Hawks : RHP Jeff Reynolds
|
Batting: RHB Robert O'Connor
|
0-0: Ball 1-0: Called Strike 1-1: Ball 2-1: Ball 3-1: Foul Ball, location: 2F 3-2: Foul Ball, location: 2F 3-2: Foul Ball, location: 2F 3-2: Ground out 5-3 (Groundball, 56)
|
Batting: RHB Jonathan Cook
|
0-0: Reached on error, E6 (Groundball, 6)
|
Batting: RHB Fernando López
|
0-0: Ball 1-0: Foul Ball, location: 2F 1-1: Ground out 5-3 (Groundball, 5S) Jonathan Cook to second
|
Batting: RHB Kenshin Koike
|
0-0: Ball 1-0: Foul Ball, location: 2F 1-1: Called Strike 1-2: Ball 2-2: Foul Ball, location: 2F 2-2: Ball 3-2: Strikes out swinging
|
Top of the 4th over - 0 run(s), 0 hit(s), 1 error(s), 1 left on base; Richardson City 0 - Chicago 0 |
BOTTOM OF THE 4TH |
Chicago Hawks batting - Pitching for Richardson City Thundercats : RHP Kenshin Koike
|
Batting: RHB Bryan Manning
|
0-0: SINGLE (Line Drive, 56)
|
Batting: LHB Bobby Moore
|
0-0: Ball 1-0: Ball 2-0: Called Strike 2-1: Foul Ball, location: 2F 2-2: Fly out, F4 (Line Drive, 34)
|
Batting: RHB Cliff Dixon
|
0-0: Ball 1-0: Foul Ball, location: 2F 1-1: Ball 2-1: Ball 3-1: Swinging Strike 3-2: Ground out 5-3 (Groundball, 56S) Bryan Manning to second
|
Batting: RHB Mitch Jensen
|
0-0: Ball 1-0: Ground out 5-3 (Groundball, 56)
|
Bottom of the 4th over - 0 run(s), 1 hit(s), 0 error(s), 1 left on base; Richardson City 0 - Chicago 0 |
TOP OF THE 5TH |
Richardson City Thundercats batting - Pitching for Chicago Hawks : RHP Jeff Reynolds
|
Batting: RHB Ray Porch
|
0-0: Called Strike 0-1: SINGLE (Groundball, 6D)
|
Batting: RHB Charles Jordan
|
0-0: Ball 1-0: Fielders Choice at 2nd, 2-4 (Groundball, 2R)
|
Batting: RHB Joey Jones
|
0-0: Ball 1-0: Fly out, F8 (Flyball, 8LXD)
|
Batting: LHB Andrés Ibarra
|
0-0: Ball 1-0: Called Strike 1-1: Foul Ball, location: 2F 1-2: Fly out, F9 (Flyball, 9D)
|
Top of the 5th over - 0 run(s), 1 hit(s), 0 error(s), 1 left on base; Richardson City 0 - Chicago 0 |
BOTTOM OF THE 5TH |
Chicago Hawks batting - Pitching for Richardson City Thundercats : RHP Kenshin Koike
|
Batting: RHB Ted Young
|
0-0: Ball 1-0: Foul Ball, location: 2F 1-1: SINGLE (Line Drive, 7LS)
|
Batting: RHB Jeff Reynolds
|
0-0: Bunted foul 0-1: Bunt missed! 0-2: Bunted foul, Strikeout!
|
Batting: LHB Motoshige Kitamura
|
0-0: Ball 1-0: Swinging Strike 1-1: Ball 2-1: Ball 3-1: Foul Ball, location: 2F 3-2: Base on Balls Ted Young to second
|
Batting: LHB Paul Wilson
|
0-0: Swinging Strike 0-1: DOUBLE (Line Drive, 89XD) Ted Young scores Motoshige Kitamura to third
|
Batting: LHB Mal Wadley
|
0-0: Ground out U3 (Groundball, 3S)
|
Batting: RHB Bryan Manning
|
0-0: Ball 1-0: Called Strike 1-1: Ball 2-1: Swinging Strike 2-2: Ball 3-2: Strikes out swinging
|
Bottom of the 5th over - 1 run(s), 2 hit(s), 0 error(s), 2 left on base; Richardson City 0 - Chicago 1 |
TOP OF THE 6TH |
Richardson City Thundercats batting - Pitching for Chicago Hawks : RHP Jeff Reynolds
|
Batting: LHB Terrence Eler
|
0-0: Called Strike 0-1: Called Strike 0-2: Ground out 4-3 (Groundball, 4)
|
Batting: RHB Robert O'Connor
|
0-0: Ball 1-0: Ball 2-0: Ball 3-0: Called Strike 3-1: Called Strike 3-2: Strikes out swinging
|
Batting: RHB Jonathan Cook
|
0-0: Swinging Strike 0-1: Swinging Strike 0-2: Foul Ball, location: 2F 0-2: Strikes out swinging
|
Top of the 6th over - 0 run(s), 0 hit(s), 0 error(s), 0 left on base; Richardson City 0 - Chicago 1 |
BOTTOM OF THE 6TH |
Chicago Hawks batting - Pitching for Richardson City Thundercats : RHP Kenshin Koike
|
Batting: LHB Bobby Moore
|
0-0: Ball 1-0: Fly out, F7 (Flyball, 7M)
|
Batting: RHB Cliff Dixon
|
0-0: Called Strike 0-1: Swinging Strike 0-2: Ball 1-2: Ball 2-2: Strikes out looking
|
Batting: RHB Mitch Jensen
|
0-0: Ball 1-0: Ball 2-0: Ball 3-0: Base on Balls
|
Batting: RHB Ted Young
|
0-0: Fielders Choice at 2nd, U6 (Groundball, 6M)
|
Bottom of the 6th over - 0 run(s), 0 hit(s), 0 error(s), 1 left on base; Richardson City 0 - Chicago 1 |
TOP OF THE 7TH |
Richardson City Thundercats batting - Pitching for Chicago Hawks : RHP Jeff Reynolds
|
Batting: RHB Fernando López
|
0-0: Ball 1-0: Foul Ball, location: 2F 1-1: Ball 2-1: Foul Ball, location: 2F 2-2: Ball 3-2: Strikes out looking
|
Batting: RHB Kenshin Koike
|
0-0: Called Strike 0-1: Foul Ball, location: 2F 0-2: Ball 1-2: SINGLE (Groundball, 4M)
|
Pinch Hitting: RHB Júlio Morín
|
0-0: Called Strike 0-1: Grounds into double play, 6-4-3 (Groundball, 6M)
|
Top of the 7th over - 0 run(s), 1 hit(s), 0 error(s), 0 left on base; Richardson City 0 - Chicago 1 |
BOTTOM OF THE 7TH |
Chicago Hawks batting - Pitching for Richardson City Thundercats : RHP Kenshin Koike
|
Now at 2B: Júlio Morín
|
|
Batting: RHB Jeff Reynolds
|
0-0: Called Strike 0-1: Ball 1-1: Ball 2-1: Ball 3-1: Base on Balls
|
Batting: LHB Motoshige Kitamura
|
0-0: Ball 1-0: Ball 2-0: SINGLE (Line Drive, 34) Jeff Reynolds to second Runner from 2nd tries for 3rd, SAFE, throw made to third
|
Batting: LHB Paul Wilson
|
0-0: Called Strike Motoshige Kitamura is caught stealing 2nd base 0-1: Ball 1-1: Foul Ball, location: 2F 1-2: Foul Ball, location: 2F 1-2: Foul Ball, location: 2F 1-2: Foul Ball, location: 2F 1-2: SINGLE (Flyball, 8LS) Jeff Reynolds scores
|
Batting: LHB Mal Wadley
|
0-0: Ball 1-0: Ball 2-0: Swinging Strike 2-1: Called Strike 2-2: Foul Ball, location: 2F 2-2: Foul Ball, location: 2F 2-2: Strikes out looking
|
Pitching: RHP Dick Rasmussen
|
|
Batting: RHB Bryan Manning
|
0-0: Ball 1-0: Foul Ball, location: 2F 1-1: Ball 2-1: Foul Ball, location: 2F 2-2: Strikes out swinging
|
Bottom of the 7th over - 1 run(s), 2 hit(s), 0 error(s), 1 left on base; Richardson City 0 - Chicago 2 |
TOP OF THE 8TH |
Richardson City Thundercats batting - Pitching for Chicago Hawks : RHP Jeff Reynolds
|
Now at C: Steve Ormston
|
|
Batting: RHB Charles Jordan
|
0-0: Fly out, F3 (Popup, 34S)
|
Batting: RHB Joey Jones
|
0-0: Ball 1-0: Ball 2-0: Called Strike 2-1: Foul Ball, location: 2F 2-2: Ground out 6-3 (Groundball, 6)
|
Batting: LHB Andrés Ibarra
|
0-0: Ball 1-0: Ground out 4-3 (Groundball, 34)
|
Top of the 8th over - 0 run(s), 0 hit(s), 0 error(s), 0 left on base; Richardson City 0 - Chicago 2 |
BOTTOM OF THE 8TH |
Chicago Hawks batting - Pitching for Richardson City Thundercats : RHP Dick Rasmussen
|
Batting: LHB Bobby Moore
|
0-0: Swinging Strike 0-1: Ball 1-1: Called Strike 1-2: Fly out, F3 (Popup, 13)
|
Batting: RHB Steve Ormston
|
0-0: DOUBLE (Line Drive, 9LS)
|
Batting: RHB Mitch Jensen
|
0-0: Foul Ball, location: 2F 0-1: Ball Wild Pitch! Steve Ormston to third 1-1: Called Strike 1-2: Ball 2-2: Strikes out looking
|
Batting: RHB Ted Young
|
0-0: Ball 1-0: Called Strike 1-1: Ball 2-1: Called Strike 2-2: Foul Ball, location: 2F 2-2: Ball 3-2: Foul Ball, location: 2F 3-2: SINGLE (Groundball, 2L) (infield hit) Steve Ormston scores
|
Pitching: RHP Yusuke Saito
|
|
Batting: RHB Jeff Reynolds
|
0-0: Swinging Strike 0-1: Swinging Strike 0-2: Foul Ball, location: 2F 0-2: Strikes out looking
|
Bottom of the 8th over - 1 run(s), 2 hit(s), 0 error(s), 1 left on base; Richardson City 0 - Chicago 3 |
TOP OF THE 9TH |
Richardson City Thundercats batting - Pitching for Chicago Hawks : RHP Jeff Reynolds
|
Pitching: RHP Jim Dixon
|
|
Batting: LHB Terrence Eler
|
0-0: Swinging Strike 0-1: Ball 1-1: Ball 2-1: Foul Ball, location: 2F 2-2: Foul Ball, location: 2F 2-2: Ball 3-2: Ground out 4-3 (Groundball, 34)
|
Batting: RHB Robert O'Connor
|
0-0: Fly out, F7 (Flyball, 7D)
|
Batting: RHB Jonathan Cook
|
0-0: Swinging Strike 0-1: Ball 1-1: Swinging Strike 1-2: Ground out 5-3 (Groundball, 5S)
|
Top of the 9th over - 0 run(s), 0 hit(s), 0 error(s), 0 left on base; Richardson City 0 - Chicago 3 |
|